 Dungeon Crawl Stone Soup version 0.31-a0-1603-gbec6b6ccbf (webtiles) character file.

Game seed: 13599467272688120019

263 anacleto the Ruffian (level 5, 0/49 HPs)
             Began as a Troll Shapeshifter on Jan 7, 2024.
             Slain by Edmund
             ... wielding a +1 dire flail of protection
              (14 damage)
             ... on level 4 of the Dungeon on Jan 8, 2024.
             The game lasted 00:06:01 (2117 turns).

anacleto the Ruffian (Troll Shapeshifter)           Turns: 2117, Time: 00:06:01

Health: 0/49       AC:  4    Str: 24    XL:     5   Next: 97%
Magic:  5/5        EV: 10    Int:  6    God:
Gold:   150        SH:  0    Dex:  9    Spells: 4/4 levels left

rFire   . .          .
                       - Unarmed
rCold   . . .        (no shield)
rNeg    . . .        a - +0 animal skin
rPois   .            (helmet currently unavailable)
rElec   .            q - melded scarf {harm}
rCorr   .            (gloves unavailable)
SInv    .            (boots unavailable)
Will    .....        (no amulet)
Stlth   +            (no ring)
HPRegen 1.08/turn    (no ring)
MPRegen 0.09/turn

%: no passive effects
@: beast-form
A: beast (slay +2), large, unfitting armour, claws 3, regeneration 1, shaggy fur
1, tough skin 1
a: Begin Untransformation


You were on level 4 of the Dungeon.
You were a hulking beast.
You visited 1 branch of the dungeon, and saw 4 of its levels.

You collected 150 gold pieces.

Inventory:

Missiles
 i - 6 poisoned darts
 t - 5 boomerangs
Armour
 a - a +0 animal skin (worn)
 q - a scarf of harm (melded)
Talismans
 c - a beast talisman (active)
 d - a flux talisman
Scrolls
 h - 2 scrolls of teleportation {unknown}
 j - 5 scrolls of identify {unknown}
 k - 4 scrolls of revelation
 p - 2 scrolls of enchant armour {unknown}
 u - 2 scrolls of noise {unknown}
Potions
 b - 2 potions of lignification
 e - a potion of resistance {unknown}
 f - a potion of might {unknown}
 g - 4 potions of curing {unknown}
 l - a potion of haste {unknown}
 m - a potion of magic {unknown}
 n - 2 potions of invisibility {unknown}
 o - a potion of ambrosia {unknown}
 r - a potion of brilliance {unknown}
 s - a potion of heal wounds {unknown}


   Skills:
 + Level 2.1 Fighting
 + Level 2.6 Dodging
 + Level 1.5 Shields
 + Level 4.0 Unarmed Combat
 + Level 1.4 Invocations
 + Level 3.8 Shapeshifting


You had 4 spell levels left.
You didn't know any spells.
Your spell library contained the following spells:

 Spells                   Type           Power      Damage    Failure   Level
 Summon Small Mammal      Summ           0%         N/A       45%         1
 Call Canine Familiar     Summ           0%         N/A       83%         3
 Volatile Blastmotes      Fire/Tloc      0%         2d10      83%         3
 Fulminant Prism          Conj/Alch      0%         3d5       99%         4
 Iskenderun's Mystic Bla  Conj/Tloc      0%         2d3       99%         4
 Summon Blazeheart Golem  Fire/Summ      0%         N/A       99%         4


Dungeon Overview and Level Annotations

Branches:
Dungeon (4/15)
 Temple: D:4-7

Altars:
Sif Muna
Uskayaw

Annotations:
D:4 1 runed translucent door, Edmund; swinepaste's ghost, amateur DgSh


Innate Abilities, Weirdness & Mutations

You are a hulking beast.
Your limbs bulge with bestial killing power. (Slay +2)
You are too large for most types of armour.
You have claws for hands.
Your natural rate of healing is unusually fast.
You are covered in fur. (AC +1)
You have tough skin. (AC +1)


Message History

Found 7 stones.
You open the door.
There is an open door here.
Found an escape hatch in the ceiling.
Found a hide-covered altar of Uskayaw.
Found a runed translucent door.
Found a stone staircase leading down.
The ball python hisses angrily.
Swinepaste's ghost turns its malevolent gaze towards you.
The rat squeaks loudly.
The ball python hisses angrily.
An adder comes into view.
The adder hisses angrily.
An adder is nearby!
Found a robe.
The adder bites you.
You scratch the adder.
The adder is moderately wounded.
The adder bites you but does no damage.
You claw the adder!
You kill the adder!
Your Unarmed Combat skill increases to level 4!
You see here an adder corpse.
You open the door.
Edmund the Younger comes into view.
He is wielding a +1 dire flail of protection.
Edmund shouts!
Edmund moves out of view.
There is an open door here.
Edmund hits you with a +1 dire flail of protection!
You barely miss Edmund.
Edmund grinds his teeth, and then sighs.
Edmund hits you with a +1 dire flail of protection.
You closely miss Edmund.
Edmund hits you with a +1 dire flail of protection!
You scratch Edmund but do no damage.
Edmund hits you with a +1 dire flail of protection!
* * * LOW HITPOINT WARNING * * *
You closely miss Edmund.
Edmund hits you with a +1 dire flail of protection!
You die...
Edmund says, "That'll show my brother!"

.... #... ######..
#......##+#
#......#..#
#......#..#
#......#@.#
#......#h.#
#.†....'..#
#########.>....#####
...................#
...................#
###............[...#
SW#................#
wr+................#
~S#................#


You could see Edmund.

Vanquished Creatures
  Pargi (D:3)
  Jessica (D:3)
  Terence (D:3)
  A gnoll (D:1)
  4 adders
  2 dart slugs
  3 ribbon worms
  3 ball pythons
  6 endoplasms
  2 giant cockroaches
  4 goblins
  7 hobgoblins
  9 kobolds
  5 quokkas
  5 bats
  4 frilled lizards
  5 rats
63 creatures vanquished.

Notes
Turn   | Place    | Note
-------+----------+-------------------------------------------
     0 | D:1      | anacleto the Troll Shapeshifter began the quest for the
                  | Orb.
     0 | D:1      | Reached XP level 1. HP: 18/18 MP: 0/0
   147 | D:1      | Reached skill level 1 in Fighting
   148 | D:1      | Reached XP level 2. HP: 25/27 MP: 1/1
   181 | D:1      | Found a faded altar of an unknown god.
   289 | D:1      | Reached XP level 3. HP: 32/33 MP: 2/2
   504 | D:1      | You fall into a shaft and drop 1 floor!
   758 | D:1      | Reached XP level 4. HP: 41/41 MP: 3/3
  1697 | D:3      | Noticed Jessica
  1705 | D:3      | Killed Jessica
  1706 | D:3      | Reached skill level 1 in Shields
  1779 | D:3      | Noticed Terence
  1789 | D:3      | Killed Terence
  1790 | D:3      | Reached skill level 1 in Invocations
  1790 | D:3      | Reached XP level 5. HP: 31/49 MP: 4/4
  1904 | D:3      | Noticed Pargi
  1915 | D:3      | Killed Pargi
  1951 | D:3      | Found a shimmering blue altar of Sif Muna.
  2083 | D:4      | Found a hide-covered altar of Uskayaw.
  2084 | D:4      | Noticed a +0 hand axe
  2085 | D:4      | Noticed a +0 hand axe
  2089 | D:4      | Found a runed translucent door.
  2091 | D:4      | Noticed swinepaste's ghost (amateur DgSh)
  2105 | D:4      | Reached skill level 4 in Unarmed Combat
  2111 | D:4      | Noticed Edmund
  2117 | D:4      | Slain by Edmund

Illustrated notes

Levels and vault maps discovered:
D:1:      dpeg_arrival_round_b, layout_loops_ring,
          hellmonk_ecumenical_altar_lost_god
D:2:      layout_loops_ring, minivault_23
D:3:      layout_rooms, mainiacjoe_overflow_tiny_flanked, uniq_jessica,
          uniq_terence, uniq_pargi
D:4:      layout_gridville, dancing_weapons_uskayaw,
          mainiacjoe_overflow_boulevard, ebering_ghost_sewer_f,
          minmay_misc_feat_tiny, nicolae_hexahallways, minmay_shop_grid_forest,
          uniq_edmund

Skill      XL: |  1  2  3  4  5 |
---------------+----------------+-----
Fighting       | 1 2 |  2.1
Dodging        | 2 |  2.6
Shields        | 1 |  1.5
Invocations    | 1 |  1.4
Unarmed Combat | 4 |  4.0
Shapeshifting  | |  3.8

Action                     |  1- 3 |  4- 6 || total
---------------------------+-------+-------++-------
  Melee: Unarmed           |    74 |    80 ||   154
         Punch             |     3 |       ||     3
Ability: Begin Untransform |       |     1 ||     1
    Use: Scroll            |       |     1 ||     1
   Stab: Sleeping          |       |     2 ||     2
 Armour: Animal skin       |    48 |    50 ||    98
  Dodge: Dodged            |    56 |    51 ||   107
   Form: Beast             |       |     1 ||     1

Table legend: (Time is in decaauts)
 A = Elapsed time spent in this place.
 B = Non-inter-level travel time spent in this place.
 C = Inter-level travel time spent in this place.
 D = Time resting spent in this place.
 E = Time spent auto-exploring this place.
 F = Levels seen in this place.
 G = Mean time per level.
                   A        B        C        D        E       F      G
               +--------+--------+--------+--------+--------+-----+--------+
         Total |   2106 |   2041 |     65 |      0 |   1465 |   4 |  526.5 |
       Dungeon |   2106 |   2041 |     65 |      0 |   1465 |   4 |  526.5 |
               +--------+--------+--------+--------+--------+-----+--------+

Top non-repeatable levels by time:
     D:1: 832 daAuts
     D:2: 693 daAuts
     D:3: 484 daAuts
     D:4: 96 daAuts
